 Dungeon Crawl Stone Soup version 0.30.1 (webtiles) character file.

Game seed: 14198862365439706254

424 Sabo the Chopper (level 6, 0/67 HPs)
             Began as a Troll Monk on July 5, 2023.
             Slain by a gnoll
             ... wielding a +0 club
             ... led by a gnoll bouda
              (1 damage)
             ... on level 4 of the Dungeon.
             The game lasted 00:17:53 (3253 turns).

Sabo the Chopper (Troll Monk)                       Turns: 3253, Time: 00:17:54

Health: 0/67       AC:  4    Str: 22    XL:     6   Next: 64%
Magic:  5/5        EV: 11    Int:  6    God:
Gold:   188        SH:  5    Dex: 12    Spells: 5/5 levels left

rFire   . . .        n - +2 falchion (freeze)
rCold   . . .        d - orb {light}
rNeg    . . .        o - +0 animal skin
rPois   .            (helmet restricted)
rElec   .            (no cloak)
rCorr   .            (gloves unavailable)
SInv    .            (boots unavailable)
Will    .....        l - amulet of reflection
Stlth   +            (no ring)
HPRegen 1.11/turn    (no ring)
MPRegen 0.09/turn

%: reflection
@: weakened, glowing
A: large, unfitting armour, claws 3, regeneration 1, shaggy fur 1, tough skin 1,
robust 1
a: no special abilities


You were on level 4 of the Dungeon.
You visited 2 branches of the dungeon, and saw 5 of its levels.

You collected 188 gold pieces.

Inventory:

Hand Weapons
 a - a +0 hand axe
 n - a +2 falchion of freezing (weapon)
Missiles
 k - a curare-tipped dart
 m - 7 poisoned darts (quivered)
Armour
 d - an orb of light (worn)
 o - a +0 animal skin (worn)
Jewellery
 i - an amulet of guardian spirit
 l - an amulet of reflection (around neck)
Wands
 b - a wand of digging (12)
 f - a wand of roots (9)
Scrolls
 g - a scroll of fog {unknown}
 q - 2 scrolls of identify
Potions
 c - a potion of ambrosia
 e - a potion of lignification {unknown}
 h - 2 potions of curing {unknown}
 j - 2 potions of heal wounds {unknown}
 p - 2 potions of cancellation {unknown}
 r - a potion of flight {unknown}


   Skills:
 + Level 3.4 Fighting
 + Level 1.4 Long Blades
 + Level 4.3 Axes
 + Level 4.0 Dodging
 + Level 0.4 Shields


You had 5 spell levels left.
You didn't know any spells.
Your spell library contained the following spells:

 Spells                   Type           Power      Damage    Failure   Level
 Summon Small Mammal      Summ           0%         N/A       45%         1
 Call Canine Familiar     Summ           0%         N/A       83%         3
 Summon Guardian Golem    Hex/Summ       0%         N/A       83%         3


Dungeon Overview and Level Annotations

Branches:
Dungeon (4/15)             Temple (1/1) D:4

Altars:
Fedhas
Gozag
Hepliaklqana
Kikubaaqudgha
Nemelex Xobeh
Okawaru
Ru
Sif Muna
Uskayaw
Vehumet
Wu Jian
Xom
Yredelemnul
The Shining One

Shops:
D:3 =


Innate Abilities, Weirdness & Mutations

You are too large for most types of armour.
You have claws for hands.
Your natural rate of healing is unusually fast.
You are covered in fur. (AC +1)
You have tough skin. (AC +1)
You are robust. (+10% HP)


Message History

The gnoll hits you but does no damage. The gnoll barely misses you.
The gnoll bouda hits you with a +0 spear!
You slash the gnoll! You freeze the gnoll.
The gnoll is severely wounded.
The gnoll closely misses you.
The gnoll hits you from afar with a +0 spear.
The gnoll barely misses you.
The gnoll hits you from afar with a +0 halberd!
* * * LOW HITPOINT WARNING * * *
The gnoll bouda barks out a call to the hunt!
The gnoll picks up the pace!
A black bear comes into view.
The black bear growls angrily.
You barely miss the gnoll.
The gnoll is severely wounded.
You feel less invigorated.
You feel less confused. The gnoll hits you with a +0 whip.
The gnoll hits you with a +0 club.
The gnoll hits you from afar with a +0 spear.
* * * LOW HITPOINT WARNING * * *
The gnoll hits you from afar with a +0 halberd.
* * * LOW HITPOINT WARNING * * *
The gnoll bouda gazes fiercely through you!
You feel as though you will be weak longer.
You block the gnoll bouda's attack.
You hit the gnoll bouda. You freeze the gnoll bouda.
The gnoll bouda is heavily wounded.
The gnoll hits you but does no damage.
The gnoll hits you from afar with a +0 spear.
* * * LOW HITPOINT WARNING * * *
The gnoll barely misses you.
The gnoll hits you from afar with a +0 halberd!
* * * LOW HITPOINT WARNING * * *
The gnoll bouda closely misses you.
You hit the gnoll bouda. You freeze the gnoll bouda.
The gnoll bouda is severely wounded.
The gnoll hits you with a +0 whip.
* * * LOW HITPOINT WARNING * * *
The gnoll closely misses you. The gnoll hits you with a +0 club.
You die...

..# ..........# #####
..# ..........####....
..# ....###.........†
.## #...# #.#........ ##
. ..####... #.#.##.....
. ..........#
#.#.###.... g ....#
##.## #.......... g
.....J##...####)..###...
....hgg@g.........# ####
..[...##g..####...#
#.......g.## #####
#...####### ###


You could see a black bear, a gnoll bouda, a jelly and 4 gnolls.

Vanquished Creatures
  Sigmund (D:3)
  A scorpion (D:3)
  Ijyb (D:4)
  2 orc wizards (D:3)
  Robin (D:3)
  A gnoll (D:1)
  3 adders
  A worm (D:2)
  A dart slug (D:1)
  4 orcs
  9 endoplasms
  2 giant cockroaches
  9 goblins
  9 hobgoblins
  8 kobolds
  3 quokkas
  5 ball pythons
  5 bats
  2 frilled lizards
  7 rats
75 creatures vanquished.

Notes
Turn   | Place    | Note
-------+----------+-------------------------------------------
     0 | D:1      | Sabo the Troll Monk began the quest for the Orb.
     0 | D:1      | Reached XP level 1. HP: 22/22 MP: 0/0
     9 | D:1      | Reached XP level 2. HP: 16/29 MP: 1/1
   377 | D:1      | You fall into a shaft and drop 1 floor!
   556 | D:1      | Reached XP level 3. HP: 35/36 MP: 2/2
  1530 | D:2      | Gained mutation: You are weak. (Str -2) [potion of
                  | mutation]
  1530 | D:2      | Gained mutation: You passively map a small area around you.
                  | [potion of mutation]
  1531 | D:2      | Lost mutation: You are weak. (Str -2) [potion of mutation]
  1531 | D:2      | Lost mutation: You passively map a small area around you.
                  | [potion of mutation]
  1531 | D:2      | Gained mutation: You are clumsy. (Dex -2) [potion of
                  | mutation]
  1531 | D:2      | Gained mutation: You have hidden genetic potential. [potion
                  | of mutation]
  1538 | D:3      | Found Widghasa's Jewellery Shoppe.
  1590 | D:3      | Noticed Sigmund
  1605 | D:3      | Killed Sigmund
  1606 | D:3      | Reached XP level 4. HP: 14/45 MP: 0/3
  1606 | D:3      | Reached XP level 5. HP: 16/53 MP: 0/4
  1614 | D:3      | Gained mutation: You are robust. (+10% HP) [hidden
                  | potential]
  2019 | D:3      | Reached XP level 6. HP: 55/67 MP: 3/5
  2192 | D:3      | Noticed Robin
  2199 | D:3      | Killed Robin
  2682 | D:3      | Reached skill level 1 in Long Blades
  2696 | D:3      | Lost mutation: You are clumsy. (Dex -2) [hidden potential]
  2696 | D:3      | Lost mutation: You have hidden genetic potential. [hidden
                  | potential expressed]
  2907 | D:4      | Found a staircase to the Ecumenical Temple.
  2923 | D:4      | Noticed Ijyb
  2943 | D:4      | Killed Ijyb
  2958 | Temple   | Entered the Ecumenical Temple
  3098 | D:4      | Found an iron altar of Okawaru.
  3253 | D:4      | HP: 1/67 [gnoll/+0 whip[a gnoll bouda] (5)]
  3253 | D:4      | Slain by a gnoll

Illustrated notes

Levels and vault maps discovered:
D:1:      eino_arrival_tree_alley, layout_basic, chequers_jeans,
          minmay_strange_pillars, roderic_filled_cross
D:2:      minmay_angry_zag, layout_loops_ring
D:3:      layout_loops_corners, serial_shops, shop, uniq_sigmund, uniq_robin
D:4:      layout_loops_ring, kennysheep_okawaru_gauntlet,
          minmay_temple_entry_slanted, grunt_ministairs_10, uniq_edmund,
          uniq_eustachio, uniq_ijyb
Temple:   nicolae_temple_god_jail

Skill      XL: |  1  2  3  4  5  6 |
---------------+-------------------+-----
Dodging        | 3 4 |  4.0
Fighting       | 3 |  3.4
Axes           | 3 4 |  4.3
Long Blades    | 1 |  1.4
Shields        | |  0.4

Action                     |  1- 3 |  4- 6 || total
---------------------------+-------+-------++-------
  Melee: Hand axe          |    98 |    37 ||   135
         Falchion          |       |    87 ||    87
  Throw: Dart              |       |     8 ||     8
    Use: Potion            |     2 |     1 ||     3
         Scroll            |     2 |       ||     2
 Armour: Robe              |    26 |    29 ||    55
         Animal skin       |       |    19 ||    19
  Dodge: Dodged            |    46 |    90 ||   136
  Block: Orb               |       |    22 ||    22
         Reflection        |       |     1 ||     1
